 Dungeon Crawl Stone Soup version 0.29-a0-67-g1d65ae1bb4 (webtiles) character file.

Game seed: 12766617075650228648

173 Gargoyl the Skirmisher (level 5, -6/47 HPs)
             Began as a Gnoll Abyssal Knight on Feb 3, 2022.
             Was a Believer of Lugonu.
             Killed by divine providence
             ... invoked by an orc priest
              (13 damage)
             ... on level 3 of the Dungeon.
             The game lasted 00:03:19 (3054 turns).

Gargoyl the Skirmisher (Gnoll Abyssal Knight)       Turns: 3054, Time: 00:03:20

Health: -6/47      AC:  7    Str: 14    XL:     5   Next: 53%
Magic:  8/8        EV: 10    Int: 10    God:    Lugonu [**....]
Gold:   143        SH:  0    Dex: 12    Spells: 7/7 levels left

rFire   . . .      SeeInvis .   a - +1 hand axe (vorpal)
rCold   . . .      Faith    .   (no shield)
rNeg    . . .      Spirit   .   c - +0 scale mail
rPois   .          Reflect  .   (no helmet)
rElec   .          Harm     .   (no cloak)
rCorr   .          Rampage  .   (no gloves)
Will    .....                   (no boots)
Stlth   ..........              (no amulet)
HPRegen 0.15/turn               (no ring)
MPRegen 0.11/turn               (no ring)

@: no status effects
A: fangs 1, strong nose, distributed training
a: Renounce Religion, Depart the Abyss, Bend Space


You were on level 3 of the Dungeon.
You worshipped Lugonu.
Lugonu was pleased with you.
You visited 1 branch of the dungeon, and saw 3 of its levels.
You visited the Abyss 1 time.

You collected 143 gold pieces.

Inventory:

Hand Weapons
 a - a +1 vorpal hand axe (weapon)
Missiles
 b - 3 poisoned darts (quivered)
 f - a throwing net
Armour
 c - a +0 scale mail (worn)
Potions
 e - 2 potions of mutation {unknown}
 g - 2 potions of degeneration {unknown}


   Skills:
 + Level 6.7 Fighting
 + Level 1.5 Short Blades
 + Level 1.5 Long Blades
 + Level 4.8 Axes
 + Level 1.5 Maces & Flails
 + Level 1.5 Polearms
 + Level 1.5 Staves
 + Level 1.5 Slings
 + Level 1.5 Bows
 + Level 1.5 Crossbows
 + Level 1.5 Throwing
 + Level 4.8 Armour
 + Level 3.0 Dodging
 + Level 1.5 Stealth
 + Level 1.5 Shields
 + Level 1.5 Unarmed Combat
 + Level 1.5 Spellcasting
 + Level 1.2 Conjurations
 + Level 1.2 Hexes
 + Level 1.2 Summonings
 + Level 1.2 Necromancy
 + Level 1.2 Translocations
 + Level 1.2 Transmutations
 + Level 1.2 Fire Magic
 + Level 1.2 Ice Magic
 + Level 1.2 Air Magic
 + Level 1.2 Earth Magic
 + Level 1.2 Poison Magic
 + Level 4.9 Invocations
 + Level 1.5 Evocations


You had 7 spell levels left.
You didn't know any spells.
Your spell library was empty.

Dungeon Overview and Level Annotations

Branches:
Dungeon (3/15)

Altars:
Makhleb


Innate Abilities, Weirdness & Mutations

You have very sharp teeth.
Your uncanny sense of smell can sniff out nearby items.
Your experience applies equally to all skills.


Message History

The giant cockroach is almost dead.
The giant cockroach bites you.
The giant cockroach bites you but does no damage.
You hit the giant cockroach.
You kill the giant cockroach!
Lugonu accepts your kill.
You miss the frilled lizard. You bite the frilled lizard.
The frilled lizard is heavily wounded.
The frilled lizard completely misses you.
You hit the frilled lizard.
You kill the frilled lizard!
Lugonu accepts your kill.
There is an open door here.
You see here a giant cockroach corpse.
Found a throwing net.
f - a throwing net You open the door.
An orc priest and 3 orcs come into view.
The orc shouts!
The orc priest shouts!
The orc shouts!
An orc wizard comes into view. It is wielding a +0 falchion.
Found a dagger.
The orc wizard shouts!
The orc hits you with a +0 dagger. The orc hits you but does no damage.
The orc priest hits you with a +0 hand axe.
There is an open door here.
You barely miss the orc. You hit the orc. You hit the orc priest.
The orc hits you but does no damage. The orc barely misses you.
The orc priest hits you with a +0 hand axe.
The orc priest invokes the aid of Beogh against you.
Beogh smites you!
You feel better. The orc hits you but does no damage.
The orc priest calls down the wrath of Beogh upon you.
Beogh smites you!
You aren't carrying any scrolls.
The orc priest mumbles some strange prayers to Beogh against you.
Beogh smites you!
* * * LOW HITPOINT WARNING * * *
The orc priest calls down the wrath of Beogh upon you.
Beogh smites you!
You die...

###### ####### ...... ####
#.....# ......
....#####.....#############......
..............†.@o...o.o..oo.....
##.##.###.....#############......
#.# #.....# ......
#.#################### ...... ∆
#>...................# ..)...
#.##################.# ####.. #.#
#.# .. #.# ###.######## #.#
#.........##


You could see an orc priest, an orc wizard and an orc.

Vanquished Creatures
  Natasha (thrice) (D:2)
  3 adders
  4 endoplasms (D:1)
  2 giant cockroaches
  9 goblins
  6 hobgoblins
  9 jackals
  3 kobolds (D:1)
  4 quokkas
  6 ball pythons
  8 bats
  4 frilled lizards
  A rat (D:2)
62 creatures vanquished.

Vanquished Creatures (collateral kills)
  A worm (D:3)
  A quokka (D:3)
2 creatures vanquished.

Grand Total: 64 creatures vanquished

Notes
Turn   | Place    | Note
-------+----------+-------------------------------------------
     0 | Abyss:1  | Gargoyl the Gnoll Abyssal Knight began the quest for the
                  | Orb.
     0 | Abyss:1  | Reached XP level 1. HP: 23/23 MP: 3/3
     0 | D:1      | Escaped the Abyss
   127 | D:1      | Reached XP level 2. HP: 29/29 MP: 5/5
   142 | D:1      | Reached * piety under Lugonu
   453 | D:1      | You fall into a shaft and drop 1 floor!
   517 | D:2      | Reached XP level 3. HP: 34/35 MP: 6/6
   630 | D:2      | Found a burning altar of Makhleb.
  1067 | D:2      | Noticed Natasha
  1075 | D:1      | Reached skill level 1 in Short Blades
  1075 | D:1      | Reached skill level 1 in Long Blades
  1075 | D:1      | Reached skill level 1 in Maces & Flails
  1075 | D:1      | Reached skill level 1 in Polearms
  1075 | D:1      | Reached skill level 1 in Staves
  1075 | D:1      | Reached skill level 1 in Slings
  1075 | D:1      | Reached skill level 1 in Bows
  1075 | D:1      | Reached skill level 1 in Crossbows
  1075 | D:1      | Reached skill level 1 in Throwing
  1075 | D:1      | Reached skill level 1 in Stealth
  1075 | D:1      | Reached skill level 1 in Shields
  1075 | D:1      | Reached skill level 1 in Unarmed Combat
  1075 | D:1      | Reached skill level 1 in Spellcasting
  1075 | D:1      | Reached skill level 1 in Evocations
  1138 | D:1      | Reached XP level 4. HP: 37/41 MP: 7/7
  1647 | D:2      | Killed Natasha
  1648 | D:2      | Reached skill level 1 in Conjurations
  1648 | D:2      | Reached skill level 1 in Hexes
  1648 | D:2      | Reached skill level 1 in Summonings
  1648 | D:2      | Reached skill level 1 in Necromancy
  1648 | D:2      | Reached skill level 1 in Translocations
  1648 | D:2      | Reached skill level 1 in Transmutations
  1648 | D:2      | Reached skill level 1 in Fire Magic
  1648 | D:2      | Reached skill level 1 in Ice Magic
  1648 | D:2      | Reached skill level 1 in Air Magic
  1648 | D:2      | Reached skill level 1 in Earth Magic
  1648 | D:2      | Reached skill level 1 in Poison Magic
  2076 | D:2      | Noticed Natasha
  2083 | D:2      | Killed Natasha
  2084 | D:2      | Reached XP level 5. HP: 38/47 MP: 8/8
  2329 | D:2      | Noticed Natasha
  2338 | D:2      | Killed Natasha
  2497 | D:3      | Reached ** piety under Lugonu
  2754 | D:3      | Found a faded altar of an unknown god.
  3054 | D:3      | Killed from afar by an orc priest

Illustrated notes

Levels and vault maps discovered:
D:1:      minmay_arrival_shattered_statue, layout_loops_ring,
          kennysheep_crisscross, serial_park_tiny_pond
D:2:      minmay_wonky_spiral, layout_loops_ring, basic_altar, uniq_natasha
D:3:      layout_basic, ebering_ecumenical_altar_box, st_stairs_12, minivault_25

Skill      XL: |  1  2  3  4  5 |
---------------+----------------+-----
Short Blades   | 1 |  1.5
Long Blades    | 1 |  1.5
Maces & Flails | 1 |  1.5
Polearms       | 1 |  1.5
Staves         | 1 |  1.5
Slings         | 1 |  1.5
Bows           | 1 |  1.5
Crossbows      | 1 |  1.5
Throwing       | 1 |  1.5
Stealth        | 1 |  1.5
Shields        | 1 |  1.5
Unarmed Combat | 1 |  1.5
Spellcasting   | 1 |  1.5
Evocations     | 1 |  1.5
Conjurations   | 1 |  1.2
Hexes          | 1 |  1.2
Summonings     | 1 |  1.2
Necromancy     | 1 |  1.2
Translocations | 1 |  1.2
Transmutations | 1 |  1.2
Fire Magic     | 1 |  1.2
Ice Magic      | 1 |  1.2
Air Magic      | 1 |  1.2
Earth Magic    | 1 |  1.2
Poison Magic   | 1 |  1.2
Dodging        | 3 |  3.0
Fighting       | |  6.7
Axes           | |  4.8
Armour         | |  4.8
Invocations    | |  4.9

Action                   |  1- 3 |  4- 6 || total
-------------------------+-------+-------++-------
Melee: Hand axe          |    91 |    77 ||   168
       Bite              |     4 |    11 ||    15
       Punch             |     1 |     2 ||     3
Invok: Depart the Abyss  |     1 |       ||     1
  Use: Scroll            |     2 |     3 ||     5
       Potion            |       |     2 ||     2
Armor: Leather armour    |     6 |       ||     6
       Scale mail        |    44 |    37 ||    81
Dodge: Dodged            |    54 |    34 ||    88

Table legend: (Time is in decaauts)
 A = Elapsed time spent in this place.
 B = Non-inter-level travel time spent in this place.
 C = Inter-level travel time spent in this place.
 D = Time resting spent in this place.
 E = Time spent auto-exploring this place.
 F = Levels seen in this place.
 G = Mean time per level.
                   A        B        C        D        E       F      G
               +--------+--------+--------+--------+--------+-----+--------+
         Total |   3072 |   3041 |     31 |      0 |   2467 |   4 |  768.0 |
       Dungeon |   3072 |   3041 |     31 |      0 |   2467 |   3 | 1024.0 |
         Abyss |      0 |      0 |      0 |      0 |      0 |   1 |    0.0 |
               +--------+--------+--------+--------+--------+-----+--------+

Top non-repeatable levels by time:
     D:2: 1465 daAuts
     D:1: 1017 daAuts
     D:3: 589 daAuts
